 Dungeon Crawl Stone Soup version 0.26-b1-32-g5d43845318 (webtiles) character file.

Game seed: 9809413874903272979

359 Borgoz the Skirmisher (level 6, -5/52 HPs)
             Began as a Ghoul Gladiator on Jan 13, 2021.
             Slain by an ogre
             ... wielding a +0 giant club
              (23 damage)
             ... on level 4 of the Dungeon.
             The game lasted 00:02:49 (3313 turns).

Borgoz the Skirmisher (Ghoul Gladiator)             Turns: 3313, Time: 00:02:50

Health: -5/52      AC:  5    Str: 18    XL:     6   Next: 65%
Magic:  5/5        EV: 13    Int:  3    God:
Gold:   152        SH:  0    Dex: 12    Spells: 5/5 levels left

rFire    . . .     SeeInvis .   a - +0 long sword
rCold    + + .     Faith    .   (no shield)
rNeg     + + +     Spirit   .   j - +1 leather armour {rC+}
rPois    ∞         Reflect  .   c - +0 helmet
rElec    .         Harm     .   (no cloak)
rCorr    .         Rampage  .   (no gloves)
Will     .....                  (no boots)
Stlth    +.........             (no amulet)
HPRegen  0.00/turn              (no ring)
MPRegen  0.09/turn              (no ring)

@: no status effects
A: claws 1, cold resistance 1, negative energy resistance 3, inhibited
regeneration, torment resistance, unbreathing
a: no special abilities


You were on level 4 of the Dungeon.
You visited 1 branch of the dungeon, and saw 4 of its levels.

You collected 152 gold pieces.

Inventory:

Hand Weapons
 a - a +0 long sword (weapon)
Missiles
 d - 3 throwing nets (quivered)
Armour
 c - a +0 helmet (worn)
 j - a +1 leather armour of cold resistance (worn)
Jewellery
 n - an uncursed ring of willpower {unknown}
Scrolls
 b - a scroll of immolation {unknown}
 e - 6 scrolls of identify {unknown}
 f - 4 scrolls of magic mapping {unknown}
 g - 2 scrolls of teleportation {unknown}
 l - a scroll of enchant armour {unknown}
 m - a scroll of amnesia {unknown}
 o - a scroll of fear {unknown}
 p - a scroll of remove curse {unknown}
Potions
 h - 2 potions of brilliance {unknown}
 i - a potion of might {unknown}
 k - a potion of mutation {unknown}
 q - a potion of curing {unknown}


   Skills:
 * Level 4.1 Fighting
 * Level 4.0 Long Blades
 - Level 1.7 Throwing
 * Level 2.7 Armour
 * Level 4.0 Dodging


You had 5 spell levels left.
You didn't know any spells.
Your spell library was empty.

Dungeon Overview and Level Annotations

Branches:
Dungeon (4/15)
 Temple: D:4-7

Altars:
Uskayaw


Innate Abilities, Weirdness & Mutations

You thrive by killing the living.
You are immune to poison.
You have sharp fingernails.
Your flesh is cold resistant. (rC+)
You are immune to negative energy. (rN+++)
You do not regenerate when monsters are visible.
You are immune to unholy pain and torment.
You can survive without breathing.


Message History

The ogre is severely wounded.
The ogre misses you.
You riposte.
You barely miss the ogre.
The ogre is severely wounded.
You barely miss the ogre.
The ogre is severely wounded.
The ogre hits you with a +0 giant club!
You are too injured to fight recklessly!
You are too injured to fight recklessly!
You are too injured to fight recklessly!
You are too injured to fight recklessly!
You are too injured to fight recklessly!
You are too injured to fight recklessly!
You are too injured to fight recklessly!
You hit the ogre.
The ogre is almost dead.
The ogre barely misses you.
You closely miss the ogre.
The ogre is almost dead.
The ogre hits you with a +0 giant club!!
You die...

............## ..
.............# ..
.............#.#
...............#
##...#####..#....
#.).+......#..#.
#...#...##.# #..
#... #.# ## #..
#@# #.. #O# #.
#o# .. .o# ..#
...# ...# .####


You could see an ogre, an orc wizard and an orc.

Vanquished Creatures
  Sigmund (D:3)
  An orc wizard (D:3)
  A centaur skeleton (D:4)
  7 adders
  2 worms (D:2)
  2 dart slugs
  A leopard gecko (D:2)
  17 orcs (D:3)
  A ball python (D:1)
  4 bats
  2 giant cockroaches
  6 goblins
  9 hobgoblins
  3 jackals (D:3)
  A quokka (D:3)
  2 frilled lizards
  4 kobolds
  6 rats
70 creatures vanquished.

Notes
Turn   | Place    | Note
-------+----------+-------------------------------------------
     0 | D:1      | Borgoz the Ghoul Gladiator began the quest for the Orb.
     0 | D:1      | Reached XP level 1. HP: 17/17 MP: 0/0
   432 | D:1      | Reached XP level 2. HP: 25/25 MP: 1/1
  1353 | D:2      | Reached skill level 1 in Armour
  1358 | D:2      | Reached XP level 3. HP: 14/30 MP: 2/2
  1617 | D:2      | Reached XP level 4. HP: 36/37 MP: 3/3
  2281 | D:3      | Reached XP level 5. HP: 34/45 MP: 4/4
  2541 | D:3      | Noticed Sigmund
  2556 | D:3      | Killed Sigmund
  2557 | D:3      | Reached XP level 6. HP: 34/52 MP: 5/5
  2703 | D:3      | Found a hide-covered altar of Uskayaw.
  3313 | D:4      | Slain by an ogre

Illustrated notes

Levels and vault maps discovered:
D:1:      minmay_arrival_shattered_statue, layout_rooms, chequers_mini_garden,
          serial_bayou_lagoon_a, glass_columns_a, moated_statue,
          minmay_pentomino_t4
D:2:      layout_basic
D:3:      layout_loops_cross, lemuel_doored_altar, uniq_sigmund
D:4:      layout_basic, kennysheep_mini_moat

Skill      XL: |  1  2  3  4  5  6 |
---------------+-------------------+-----
Armour         | 1 2 |  2.7
Dodging        | 3 4 |  4.0
Long Blades    | 3 4 |  4.0
Fighting       | 3 4 |  4.1
Throwing       | |  1.7

Action                   |  1- 3 |  4- 6 || total
-------------------------+-------+-------++-------
Melee: Long sword        |    70 |   181 ||   251
Throw: Throwing net      |     2 |       ||     2
 Stab: Distracted        |       |     1 ||     1
Armor: Leather armour    |    20 |    44 ||    64
Dodge: Dodged            |    64 |   131 ||   195
       Rpst.: Long sword |    15 |    48 ||    63
